 Dungeon Crawl Stone Soup version 0.30-a0-760-g5a9884bb7c (webtiles) character file.

Game seed: 10821637234737881203

2011 Leeroy the Thaumaturge (level 9, -2/49 HPs)
             Began as a Vine Stalker Warper on Feb 11, 2023.
             Slain by an orc warrior
             ... wielding a +0 dire flail
              (6 damage)
             ... on level 8 of the Dungeon.
             The game lasted 00:10:36 (7359 turns).

Leeroy the Thaumaturge (Vine Stalker Warper)        Turns: 7359, Time: 00:10:36

Health: -2/49      AC:  3    Str: 14    XL:     9   Next: 22%
Magic:  0/31       EV: 12    Int: 13    God:
Gold:   302        SH:  0    Dex: 18    Spells: 15/24 levels left

rFire   . . .      SeeInvis .    i - +2 short sword (speed)
rCold   . . .      Faith    .    (no shield)
rNeg    . . .      Spirit   +    b - +0 leather armour
rPois   +          Reflect  .    (no helmet)
rElec   .          Harm     .    (no cloak)
rCorr   .          Rampage  .    (no gloves)
Will    +....                    (no boots)
Stlth   +                        (no amulet)
HPRegen 1.08/turn                y - ring of magical power
MPRegen 0.22/turn                A - ring of poison resistance

@: no status effects
A: fangs 3, regeneration 1, magic shield, antimagic bite, no potion heal 2
a: no special abilities


You were on level 8 of the Dungeon.
You visited 2 branches of the dungeon, and saw 9 of its levels.

You collected 302 gold pieces.

Inventory:

Hand Weapons
 a - a +0 falchion
 i - a +2 short sword of speed (weapon)
 H - a +1 heavy spear
 R - a +0 short sword of draining
Missiles
 c - 3 silver javelins
 d - 7 boomerangs of dispersal (quivered)
 t - 11 poisoned darts
 w - a silver boomerang
 F - 2 throwing nets
Armour
 b - a +0 leather armour (worn)
 I - a +1 buckler of reflection
Jewellery
 y - a ring of magical power (left hand)
 A - a ring of poison resistance (right hand)
 C - a ring of see invisible
 L - a ring of resist corrosion
 O - the ring "Plog" {rC+ AC+4}
   (You found it on level 7 of the Dungeon)

   [ring of protection]

   AC:        It affects your AC (+4).
   rC:        It protects you from cold.
Wands
 u - a wand of paralysis (4)
 N - a wand of flame (13)
Scrolls
 e - 2 scrolls of magic mapping {unknown}
 f - 4 scrolls of teleportation {unknown}
 l - 2 scrolls of enchant weapon {unknown}
 m - 3 scrolls of enchant armour {unknown}
 o - 3 scrolls of identify {unknown}
 p - 3 scrolls of poison {unknown}
 r - a scroll of fog {unknown}
 x - 2 scrolls of brand weapon {unknown}
 z - 2 scrolls of vulnerability {unknown}
 B - a scroll of acquirement {unknown}
 J - a scroll of fear {unknown}
 M - a scroll of noise {unknown}
Potions
 g - 3 potions of degeneration {unknown}
 h - a potion of mutation {unknown}
 j - 5 potions of curing {unknown}
 k - a potion of cancellation {unknown}
 n - 4 potions of heal wounds {unknown}
 q - a potion of attraction {unknown}
 s - 2 potions of berserk rage {unknown}
 v - 4 potions of invisibility {unknown}
 D - 2 potions of brilliance {unknown}
 E - a potion of might {unknown}
 G - 2 potions of haste {unknown}
 K - 2 potions of flight {unknown}
 Q - 2 potions of magic {unknown}


   Skills:
 - Level 6.4 Fighting
 - Level 5.0 Long Blades
 - Level 0.8 Throwing
 - Level 0.7 Armour
 + Level 2.5 Dodging
 - Level 8.0 Spellcasting
 - Level 3.0 Translocations


You had 15 spell levels left.
You knew the following spells:

 Your Spells              Type           Power      Damage    Failure   Level
a - Blink                 Tloc           26%        N/A       8%          2
b - Vhi's Electric Charg  Tloc/Air       18%        N/A       28%         3
c - Manifold Assault      Tloc           13%        N/A       45%         4

Your spell library contained the following spells:

 Spells                   Type           Power      Damage    Failure   Level
 Lesser Beckoning         Tloc           26%        N/A       8%          2
 Gell's Gravitas          Tloc           13%        N/A       16%         3
 Teleport Other           Tloc           13%        N/A       16%         3
 Beastly Appendage        Tmut           10%        N/A       17%         1
 Freeze                   Ice            20%        1d4       17%         1
 Kiss of Death            Conj/Necr      20%        2d7       17%         1
 Sting                    Tmut/Pois      20%        1d4       17%         1
 Poisonous Vapours        Pois/Air       10%        N/A       26%         2
 Wereblood                Tmut           5%         N/A       26%         2
 Confusing Touch          Hex            5%         N/A       45%         3
 Frozen Ramparts          Ice            10%        1d2       45%         3
 Hailstorm                Conj/Ice       5%         3d4       45%         3
 Spider Form              Tmut/Pois      5%         N/A       45%         3
 Dispel Undead            Necr           5%         3d7       86%         4
 Olgreb's Toxic Radiance  Pois           5%         N/A       86%         4
 Dispersal                Tloc           6%         N/A       100%        6
 Storm Form               Tmut/Air       2%         N/A       100%        7


Dungeon Overview and Level Annotations

Branches:
Dungeon (8/15)             Temple (1/1) D:5
   Lair: D:8-11

Altars:
Ashenzari
Cheibriados
Dithmenos
Elyvilon
Fedhas
Gozag
Hepliaklqana
Kikubaaqudgha
Makhleb
Nemelex Xobeh
Okawaru
Qazlal
Ru
Sif Muna
Trog
Uskayaw
Vehumet
Xom
Yredelemnul
Zin
The Shining One

Shops:
D:3 :

Annotations:
D:3 1 runed translucent door, Crazy Yiuf
D:5 2 transporters, TheNamelessOne's ghost, novice OpEE


Innate Abilities, Weirdness & Mutations

You have razor-sharp teeth.
Your natural rate of healing is unusually fast.
When hurt, damage is shared between your health and your magic reserves.
Your bite disrupts and absorbs the magic of your enemies.
Potions cannot restore your health.


Message History

You kill the acid dragon!
You hit the orc.
You kill the orc!
The orc warrior unwields a +0 dire flail.
The orc warrior wields a +0 arbalest.
The orc warrior shoots a bolt.
The bolt hits you.
There is an open door, spattered with blood here.
Items here: )) [ †.
You hit the orc warrior.
The orc warrior is lightly wounded.
The orc warrior unwields a +0 arbalest.
The orc warrior wields a +0 dire flail.
The orc warrior hits you with a +0 dire flail!
* * * LOW HITPOINT WARNING * * *
You hit the orc warrior but do no damage.
Your bite misses the orc warrior.
The orc warrior is lightly wounded.
You hit the orc warrior but do no damage.
You bite the orc warrior. You drain its power.
You feel invigorated.
The orc warrior is lightly wounded.
The orc warrior hits you with a +0 dire flail!
* * * LOW HITPOINT WARNING * * *
You hit the orc warrior but do no damage.
The orc warrior is lightly wounded.
You closely miss the orc warrior.
The orc warrior is lightly wounded.
The orc warrior hits you with a +0 dire flail!
* * * LOW HITPOINT WARNING * * *
You closely miss the orc warrior. You bite the orc warrior.
You drain its power.
You feel invigorated.
The orc warrior is moderately wounded.
You hit the orc warrior but do no damage.
Your bite misses the orc warrior.
The orc warrior is moderately wounded.
The orc warrior barely misses you.
You hit the orc warrior but do no damage.
The orc warrior is moderately wounded.
You hit the orc warrior but do no damage.
The orc warrior is moderately wounded.
The orc warrior hits you with a +0 dire flail!
You die...

...
##.#######.........#
.... #.# #o###.###.#
....# #.# #.###.# #.#
....# ##+# #.##..#
#.# ##...# #.##.##
#.# #.....# #.##.#
#.# .......##
#.#..####.#
........###.........#
........@o.........##
...$....###....###.#
.......###......##.#
#.....# #..##..##.#
##...# #......##.#
##+# #...##.##.# #.
#...##.##.# #.
#...##[##.# ##.##
#.........#


You could see an orc warrior.

Vanquished Creatures
  Sigmund (D:6)
  Menkaure (D:6)
  A water moccasin (D:6)
  An acid dragon (D:8)
  2 sky beasts
  A black bear (D:6)
  A kobold brigand (D:6)
  A bullfrog (D:8)
  A scorpion (D:5)
  A gnoll sergeant (D:5)
  A necrophage (D:4)
  2 howler monkeys
  2 hounds (D:5)
  3 jellies
  2 orc priests (D:8)
  A gnoll bouda (D:8)
  4 iguanas
  3 orc wizards
  21 gnolls
  10 adders
  2 white imps
  2 ufetubi (D:5)
  2 dart slugs
  12 orcs
  6 endoplasms
  2 giant cockroaches
  11 goblins
  8 hobgoblins
  5 quokkas
  6 ball pythons
  8 bats
  2 frilled lizards
  9 kobolds
  5 rats
140 creatures vanquished.

Notes
Turn   | Place    | Note
-------+----------+-------------------------------------------
     0 | D:1      | Leeroy the Vine Stalker Warper began the quest for the Orb.
     0 | D:1      | Reached XP level 1. HP: 11/11 MP: 4/4
    96 | D:1      | Reached XP level 2. HP: 14/15 MP: 6/6
   734 | D:1      | Reached XP level 3. HP: 18/18 MP: 7/7
  1066 | D:2      | Gained mutation: Your natural rate of healing is unusually
                  | fast. [Vine Stalker growth]
  1066 | D:2      | Reached XP level 4. HP: 18/23 MP: 6/8
  1427 | D:3      | Found a snail-covered altar of Cheibriados.
  1567 | D:3      | Found a runed translucent door.
  1568 | D:3      | Noticed Crazy Yiuf
  1617 | D:3      | Found Tuhuvouphyc's Vocational Training.
  1728 | D:3      | Found an opulent altar of Gozag.
  1731 | D:3      | Found an opulent altar of Gozag.
  1737 | D:3      | Found an opulent altar of Gozag.
  1745 | D:3      | Found an opulent altar of Gozag.
  2206 | D:4      | Reached XP level 5. HP: 23/26 MP: 6/9
  2593 | D:4      | Reached skill level 5 in Long Blades
  2924 | D:5      | Entered Level 5 of the Dungeon
  3008 | D:5      | Reached XP level 6. HP: 26/32 MP: 6/10
  3027 | D:5      | Found a transporter.
  3027 | D:5      | Noticed TheNamelessOne's ghost (novice OpEE)
  3478 | D:5      | Reached XP level 7. HP: 32/38 MP: 9/11
  4243 | D:4      | Learned a level 2 spell: Blink
  4247 | D:4      | Learned a level 3 spell: Vhi's Electric Charge
  4252 | D:4      | Learned a level 4 spell: Manifold Assault
  4449 | D:5      | Found a transporter.
  4592 | D:5      | Reached skill level 5 in Fighting
  4798 | D:5      | Found a staircase to the Ecumenical Temple.
  4827 | Temple   | Entered the Ecumenical Temple
  5095 | D:6      | Noticed Menkaure
  5159 | D:6      | Killed Menkaure
  5249 | D:6      | Gained mutation: You have razor-sharp teeth. [Vine Stalker
                  | growth]
  5249 | D:6      | Reached XP level 8. HP: 37/45 MP: 12/12
  5482 | D:5      | Reached skill level 3 in Spellcasting
  5586 | D:6      | Found a shimmering blue altar of Sif Muna.
  5735 | D:6      | Noticed Sigmund
  5755 | D:6      | Killed Sigmund
  5756 | D:6      | Reached skill level 5 in Spellcasting
  5941 | D:6      | Found a hazy altar of Hepliaklqana.
  6031 | D:6      | Reached skill level 6 in Spellcasting
  6168 | D:7      | Reached skill level 7 in Spellcasting
  6345 | D:7      | Found an ancient bone altar of Kikubaaqudgha.
  6350 | D:7      | Identified the ring "Plog" {rC+ AC+4}
  6760 | D:7      | Reached XP level 9. HP: 16/49 MP: 11/21
  7165 | D:8      | Reached skill level 8 in Spellcasting
  7307 | D:8      | HP: 1/49 [acid dragon/splash of acid (16)]
  7355 | D:8      | HP: 2/49 [orc warrior/+0 dire flail (6)]
  7359 | D:8      | Slain by an orc warrior

Illustrated notes

Levels and vault maps discovered:
D:1:      minmay_arrival_hallway, layout_loops_ring
D:2:      layout_rooms
D:3:      layout_rooms, nicolae_overflow_crystal_walls,
          nicolae_gozag_conspicuous_consumption, nicolae_shop_vocational,
          uniq_crazy_yiuf_cottage
D:4:      layout_basic
D:5:      layout_basic, minmay_temple_entry_offerings, gammafunk_ghost_mausoleum
D:6:      layout_gridville, mainiacjoe_overflow_alcove_2, lemuel_tele_altar,
          uniq_menkaure, uniq_sigmund
D:7:      layout_cave_pods, mainiacjoe_overflow_chevrons,
          nicolae_concentric_dashed_squares_wild, nicolae_titane
D:8:      layout_loops_corners, lemuel_crystal_altar, uniq_pikel
Temple:   nicolae_temple_bog_church

Skill      XL: |  1  2  3  4  5  6  7  8  9 |
---------------+----------------------------+-----
Long Blades    | 2 3 4 5 |  5.0
Fighting       | 3 4 6 |  6.4
Spellcasting   | 7 8 |  8.0
Dodging        | 2 |  2.5
Throwing       | |  0.8
Armour         | |  0.7
Translocations | |  3.0

Action                     |  1- 3 |  4- 6 |  7- 9 || total
---------------------------+-------+-------+-------++-------
  Melee: Falchion          |    54 |       |     4 ||    58
         Bite              |    16 |    60 |   129 ||   205
         Short sword       |    38 |   214 |   331 ||   583
         Punch             |     1 |     2 |     6 ||     9
  Evoke: Wand              |       |       |     2 ||     2
    Use: Scroll            |       |       |     2 ||     2
   Stab: Distracted        |       |     1 |       ||     1
         Sleeping          |       |       |     2 ||     2
         Paralysed         |       |       |     3 ||     3
 Armour: Leather armour    |    20 |    42 |    25 ||    87
  Dodge: Dodged            |    36 |   106 |   146 ||   288

Table legend: (Time is in decaauts)
 A = Elapsed time spent in this place.
 B = Non-inter-level travel time spent in this place.
 C = Inter-level travel time spent in this place.
 D = Time resting spent in this place.
 E = Time spent auto-exploring this place.
 F = Levels seen in this place.
 G = Mean time per level.
                   A        B        C        D        E       F      G
               +--------+--------+--------+--------+--------+-----+--------+
         Total |   7114 |   6891 |    223 |    910 |   4782 |   9 |  790.4 |
       Dungeon |   6933 |   6716 |    217 |    910 |   4625 |   8 |  866.6 |
        Temple |    180 |    174 |      6 |      0 |    157 |   1 |  180.0 |
               +--------+--------+--------+--------+--------+-----+--------+

Top non-repeatable levels by time:
     D:4: 1744 daAuts
     D:5: 1414 daAuts
     D:7: 972 daAuts
     D:1: 866 daAuts
     D:6: 739 daAuts
     D:3: 487 daAuts
     D:2: 468 daAuts
     D:8: 239 daAuts
  Temple: 180 daAuts
